 Dungeon Crawl Stone Soup version 0.19-a0-1490-g5dd3618 (webtiles) character file.

33 roguesci the Sneak (level 3, -1/17 HPs)
             Began as a Vine Stalker Enchanter on Sept 8, 2016.
             Slain by Sigmund
             ... wielding a cursed -2 scythe
              (9 damage)
             ... on level 2 of the Dungeon.
             The game lasted 00:04:54 (1705 turns).

roguesci the Sneak (Vine Stalker Enchanter)         Turns: 1705, Time: 00:04:56

Health: -1/17      AC:  4    Str: 10    XL:     3   Next: 29%
Magic:  0/7        EV: 12    Int: 15    God:
Gold:   88         SH:  0    Dex: 15    Spells: 2 memorised, 3 levels left

rFire  . . .     SeeInvis .     a - +1 dagger
rCold  . . .     Gourm    .     o - +0 leather armour
rNeg   . . .     Faith    .     (no shield)
rPois  .         Spirit   +     (no helmet)
rElec  .         Dismiss  .     (no cloak)
rCorr  .         Reflect  .     m - +0 pair of gloves
MR     .....     Harm     .     (no boots)
Stlth  ++........               (no amulet)
                                (no ring)
                                (no ring)

@: very slightly contaminated
A: fangs 2, magic shield, antimagic bite, no device heal 3, rot immunity
a: no special abilities


You were on level 2 of the Dungeon.
You were not hungry.

You visited 1 branch of the dungeon, and saw 2 of its levels.

You collected 88 gold pieces.

Inventory:

Hand Weapons
 a - a +1 dagger (weapon)
Armour
 b - a +1 robe
 m - a +0 pair of gloves (worn)
 o - a +0 leather armour (worn)
Scrolls
 f - 2 scrolls of remove curse {unknown}
 h - a scroll of immolation {unknown}
 i - 3 scrolls of amnesia {unknown}
 j - 2 scrolls of enchant armour {unknown}
 l - a scroll of teleportation {unknown}
 q - a scroll of fog {unknown}
Potions
 e - a potion of heal wounds {unknown}
 g - a potion of flight {unknown}
 k - a potion of haste {unknown}
 n - a potion of curing {unknown}
Books
 c - a book of Maledictions

   Spells                             Type                      Level
   a - Corona                         Hexes                        1
   b - Ensorcelled Hibernation        Hexes/Ice                    2
   c - Confuse                        Hexes                        3
   d - Tukima's Dance                 Hexes                        3
   e - Dazzling Spray                 Conjuration/Hexes            3
Comestibles
 d - 2 bread rations
 p - a royal jelly


   Skills:
 + Level 0.3 Fighting
 * Level 1.5 Short Blades
 * Level 1.9 Dodging
 + Level 3.8 Stealth
 * Level 2.3 Spellcasting
 * Level 3.3 Hexes


You had 3 spell levels left.
You knew the following spells:

 Your Spells              Type           Power        Failure   Level  Hunger
a - Corona                Hex            ##.....      10%         1    #......
b - Ensorcelled Hibernat  Hex/Ice        #.....       24%         2    ###....


Dungeon Overview and Level Annotations

Branches:
Dungeon (2/15)

Altars:

Annotations:
D:2 Sigmund


Innate Abilities, Weirdness & Mutations

You have extremely sharp teeth.
When hurt, damage is shared between your health and your magic reserves.
Your bite disrupts and absorbs the magic of your enemies.
Potions and wands cannot restore your health.
You are immune to rotting.


Message History

The helpless Sigmund fails to defend himself.
You puncture Sigmund! Your bite misses Sigmund.
Sigmund is heavily wounded.
Sigmund gestures at you while chanting. The magic dart hits you!
You barely miss Sigmund.
Sigmund is heavily wounded.
Sigmund casts a spell at you. You resist with some effort.
The hobgoblin shouts!
You hit Sigmund but do no damage.
Sigmund is heavily wounded.
Sigmund hits you with a scythe.
You barely miss Sigmund. You bite Sigmund, but do no damage.
Sigmund is heavily wounded.
You hit Sigmund but do no damage.
Sigmund is heavily wounded.
Sigmund hits you with a scythe!
Ouch! That really hurt!
You die...

#...#...##..######
#.#####.....#
#...#...###.#
###.#.### #.#
#...# #.# #.###
#.# #.#
#.###########
#.#####
#...........#
#...@@#
###########.#
#####g#
#.......... .#
#.#######.# .# #.#
#.# .# #.# ###.#
.# #.# #.... .#
#.# #.#.. .# #.#
#.#.. #.# #.##.


You could see Sigmund and a hobgoblin.

Vanquished Creatures
  5 giant geckos
  4 bats
  2 giant cockroaches
  5 goblins
  A hobgoblin (D:2)
  A kobold (D:2)
  10 giant newts (D:1)
  A rat (D:1)
29 creatures vanquished.

Notes
Turn   | Place    | Note
-------+----------+-------------------------------------------
     0 | D:1      | roguesci the Vine Stalker Enchanter began the quest for the Orb.
     0 | D:1      | Reached XP level 1. HP: 9/9 MP: 4/4
    29 | D:1      | Reached skill level 1 in Short Blades
   246 | D:1      | Reached XP level 2. HP: 10/13 MP: 6/6
   309 | D:1      | Learned a level 2 spell: Ensorcelled Hibernation
  1297 | D:2      | Reached XP level 3. HP: 17/17 MP: 7/7
  1694 | D:2      | Noticed Sigmund
  1705 | D:2      | Slain by Sigmund

Vault maps used:
D:1:      lemuel_arrival_river_bridge
D:2:      nicolae_underground_beach, uniq_sigmund

Skill      XL: |  1 |
---------------+----+-----
Short Blades   | 1 |  1.5
Fighting       | |  0.3
Dodging        | |  1.9
Stealth        | |  3.8
Spellcasting   | |  2.3
Hexes          | |  3.3

Action                   || total
-------------------------++-------
Melee: Dagger            ||    71
       Bite              ||    12
 Cast: Corona            ||     6
       Ensorcelled Hiber ||     3
 Stab: Sleeping          ||     8
  Eat: Chunk             ||     3
Armor: Robe              ||     6
       Leather armour    ||     5
Dodge: Dodged            ||    31
